 Dungeon Crawl Stone Soup version 0.18-a0-1797-gc18daef (webtiles) character file.

32 Duffy the Skirmisher (level 3, 0/29 HPs)
             Began as a Formicid Warper on Apr 22, 2016.
             Slain by a giant gecko (1 damage)
             ... on level 2 of the Dungeon.
             The game lasted 00:01:37 (1694 turns).

Duffy the Skirmisher (Formicid Warper)              Turns: 1694, Time: 00:01:37

Health: 0/29       AC:  3    Str: 16    XL:     3   Next: 42%
Magic:  6/6        EV: 11    Int: 12    God:
Gold:   21         SH:  0    Dex: 10    Spells: 1 memorised, 5 levels left

rFire  . . .     SeeInvis +     g - +0 whip (elec)
rCold  . . .     Gourm    .     b - +0 leather armour
rNeg   . . .     Faith    .     (no shield)
rPois  .         Spirit   .     (helmet unavailable)
rElec  .         Dismiss  .     (no cloak)
rCorr  .         Reflect  .     (no gloves)
SustAt .         Harm     .     (no boots)
MR     .....                    (no amulet)
Stlth  +.........               (no ring)
                                (no ring)

@: drained, not resistant to hostile enchantments, very unstealthy
A: permanent stasis, dig shafts and tunnels, four strong arms, antennae 3
a: Dig, Shaft Self


You were on level 2 of the Dungeon.
You were not hungry.

You visited 1 branch of the dungeon, and saw 3 of its levels.

You collected 21 gold pieces.


Innate Abilities, Weirdness & Mutations

You are under a permanent stasis effect.
You can dig through walls and to a lower floor.
Your four strong arms can wield two-handed weapons with a shield.
You have a pair of large antennae on your head (SInv).


   Skills:
 + Level 3.4(3.1) Fighting
 - Level 2.0(1.7) Axes
 - Level 1.0(0.7) Throwing
 - Level 1.5(1.2) Armour
 - Level 2.0(1.7) Dodging
 - Level 2.2(1.9) Spellcasting
 - Level 2.8(2.5) Translocations


You had 5 spell levels left.
You knew the following spells:

 Your Spells              Type           Power        Failure   Level  Hunger
a - Apportation           Tloc           #.........   14%         1    ##.....

Inventory:

Hand Weapons
 a - a +0 hand axe
 g - a +0 whip of electrocution (weapon)
Missiles
 e - a tomahawk of dispersal (quivered)
Armour
 b - a +0 leather armour (worn)
Wands
 l - a wand of iceblast (4/15)
Scrolls
 d - a scroll of blinking
 h - a scroll of identify {unknown}
 i - a scroll of recharging {unknown}
 k - a scroll of remove curse {unknown}
Books
 c - a book of Spatial Translocations
Comestibles
 f - a bread ration
 j - 2 meat rations

Dungeon Overview and Level Annotations

Branches:
Dungeon (3/15)

Altars:
Xom


Message History

You swing at nothing.
You are feeling hungry.
You see here a hobgoblin corpse.
You butcher the hobgoblin corpse.
m - 4 chunks of flesh
There is a stone staircase leading up here.
You start resting.
Eating one of 4 chunks of flesh.
This raw flesh tastes terrible.
You continue eating. x2
All of the chunks of flesh in your inventory have rotted away.
HP restored.
There is a stone staircase leading up here.
You climb upwards.
The gnoll closely misses you. The gnoll hits you with a spear.
There is a stone staircase leading down here.
The gnoll hits you.
The gnoll hits you from afar with a spear!
The giant gecko bites you but does no damage.
The giant gecko bites you but does no damage.
The giant gecko misses you.
You barely miss the giant gecko. The gnoll barely misses you.
The giant gecko completely misses you.
You barely miss the giant gecko. The giant gecko barely misses you.
The gnoll hits you from afar with a spear.
The giant gecko barely misses you.
The giant gecko bites you but does no damage.
You hit the giant gecko.
The giant gecko is heavily wounded.
The giant gecko barely misses you.
You hit the giant gecko.
The giant gecko is severely wounded.
The giant gecko bites you.
The gnoll hits you from afar with a spear.
The giant gecko bites you.
You die...

##'## #.#####.#######.
##########.# #.# #g..# #.
.........#.# #.# #.#.# ##.
.#######.#.## #.# #.#.# #..
.# #....## #.#####.#.# #..
.#######.....# #.....g.#.#
#.. .....##..#..##
###.......# #.#
........###.#########.######
#.. ####.....#......@lgg..#
#.# #####...############ #..
##### ###


You could see 2 gnolls and a giant gecko.

Action                   || total
-------------------------++-------
Melee: Hand axe          ||     6
       Whip              ||    49
Throw: Tomahawk          ||     4
 Stab: Sleeping          ||     1
  Eat: Chunk             ||     2
Armor: Leather armour    ||    10
Dodge: Dodged            ||    43

Notes
Turn   | Place    | Note
--------------------------------------------------------------
     0 | D:1      | Duffy the Formicid Warper began the quest for the Orb.
     0 | D:1      | Reached XP level 1. HP: 16/16 MP: 3/3
   333 | D:1      | Reached skill level 2 in Dodging
   333 | D:1      | Reached XP level 2. HP: 23/23 MP: 5/5
  1088 | D:2      | Found a shimmering altar of Xom.
  1180 | D:2      | Reached XP level 3. HP: 12/28 MP: 6/6
  1376 | D:2      | Reached skill level 3 in Fighting
  1694 | D:2      | Slain by a giant gecko

Vault maps used:
D:1:      nicolae_arrival_somewhat_less_tricky_arrival
D:2:      xom_teletrap_fun, first_bread

Vanquished Creatures
  A gnoll
  A dart slug
  3 giant cockroaches
  7 goblins
  A hobgoblin
  2 kobolds
  A giant newt
  2 rats
18 creatures vanquished.
